 Dungeon Crawl Stone Soup version 0.27.1-33-g824d729ab1 (webtiles) character file.

Game seed: 12826903043377037957

15113 tizbic2 the Slinger (level 11, -18/84 HPs)
             Began as a Demonspawn Hunter on Nov 27, 2021.
             Was an Elder of Wu Jian.
             Killed from afar by Jorgrun (48 damage)
             ... with an iron shot
             ... on level 12 of the Dungeon on Nov 30, 2021.
             The game lasted 01:33:41 (15209 turns).

tizbic2 the Slinger (Demonspawn Hunter)            Turns: 15209, Time: 01:33:42

Health: -18/84     AC: 18    Str:  9    XL:     11   Next: 97%
Magic:  11/11      EV: 13    Int: 16    God:    Wu Jian [****..]
Gold:   636        SH:  4    Dex: 16    Spells: 10/10 levels left

rFire    . . .     SeeInvis +   w - +6 dagger of Revolt {vorpal, rC+++ Str-4 Int+3 Stlth+}
rCold    + + +     Faith    .   (no shield)
rNeg     . . .     Spirit   .   L - +4 ring mail
rPois    .         Reflect  .   g - +2 helmet
rElec    .         Harm     .   s - +0 cloak
rCorr    .         Rampage  .   (no gloves)
Will     .....                  x - +1 pair of boots
Stlth    ++........             M - amulet of regeneration
HPRegen  1.24/turn              y - ring of see invisible
MPRegen  0.12/turn              r - +4 ring of slaying

@: spiked
A: hooves 1, thin metallic scales 2, spiny 2, condensation shield
a: Renounce Religion, Wall Jump, Serpent's Lash


You were on level 12 of the Dungeon.
You worshipped Wu Jian.
Wu Jian was greatly pleased with you.
You visited 2 branches of the dungeon, and saw 13 of its levels.
You also visited: Ossuary.

You collected 974 gold pieces.
You spent 338 gold pieces at shops.

Inventory:

Hand Weapons
 a - a +1 hunting sling
 q - a +5 falchion
 w - the +6 dagger of Revolt (weapon) {vorpal, rC+++ Str-4 Int+3 Stlth+}
   (You bought it in a shop on level 6 of the Dungeon)

   It inflicts extra damage upon your enemies.
   Str:       It affects your strength (-4).
   Int:       It affects your intelligence (+3).
   rC:        It renders you almost immune to cold.
   Stlth:     It makes you more stealthy.
 I - a +3 vampiric dagger
Missiles
 d - 47 sling bullets
 p - 23 poisoned darts (quivered)
 t - 3 javelins
 v - 10 boomerangs
 N - 3 curare-tipped darts
Armour
 g - a +2 helmet (worn)
 s - a +0 cloak (worn)
 x - a +1 pair of boots (worn)
 D - a +2 ring mail of poison resistance
 L - a +4 ring mail (worn)
 O - +0 acid dragon scales
Jewellery
 c - an amulet of the acrobat
 r - a +4 ring of slaying (right hand)
 u - an amulet of faith
 y - a ring of see invisible (left hand)
 M - an amulet of regeneration (around neck)
Wands
 l - a wand of iceblast (8)
 J - a wand of digging (8)
Scrolls
 h - 5 scrolls of fog
 k - 4 scrolls of teleportation
 A - 6 scrolls of amnesia
 F - 2 scrolls of magic mapping
 G - 2 scrolls of acquirement {unknown}
 R - 2 scrolls of silence {unknown}
Potions
 b - a potion of mutation {unknown}
 f - 3 potions of heal wounds {unknown}
 i - a potion of experience {unknown}
 j - 2 potions of brilliance {unknown}
 m - 7 potions of curing
 n - 4 potions of ambrosia
 o - 3 potions of degeneration {unknown}
 z - 2 potions of attraction {unknown}
 B - 4 potions of flight {unknown}
 C - 2 potions of haste
 E - a potion of magic {unknown}
 H - 2 potions of lignification {unknown}
 K - 2 potions of invisibility {unknown}
Miscellaneous
 P - a tin of tremorstones (2/2)
 Q - a box of beasts


   Skills:
 + Level 7.3 Fighting
 * Level 6.8(7.5) Short Blades
 + Level 4.7(6.5) Long Blades
 * Level 10.0 Slings
 + Level 8.0 Dodging
 - Level 0.8 Stealth
 * Level 8.1 Unarmed Combat


You had 10 spell levels left.
You didn't know any spells.
Your spell library contained the following spells:

 Spells                   Type           Power      Damage    Failure   Level
 Blink                    Tloc           N/A        N/A       71%         2
 Lesser Beckoning         Tloc           0%         N/A       91%         3
 Tukima's Dance           Hex            0%         N/A       91%         3
 Passage of Golubria      Tloc           N/A        N/A       100%        4
 Iskenderun's Battlesphe  Conj           0%         2d6       100%        5
 Manifold Assault         Tloc           0%         N/A       100%        5
 Yara's Violent Unravell  Hex/Tmut       0%         3d3       100%        5
 Iron Shot                Conj/Erth      0%         9d1       100%        6
 Spellforged Servitor     Conj/Summ      0%         N/A       100%        7


Dungeon Overview and Level Annotations

Branches:
Dungeon (12/15)            Temple (1/1) D:4            Lair (0/6) D:10
    Orc (0/2) D:11        Ossuary (visited)

Altars:
Ashenzari
Cheibriados
Dithmenos
Elyvilon
Fedhas
Gozag
Hepliaklqana
Kikubaaqudgha
Makhleb
Nemelex Xobeh
Okawaru
Qazlal
Ru
Sif Muna
Trog
Uskayaw
Vehumet
Wu Jian
Xom
Yredelemnul
Zin
The Shining One

Shops:
D:6 (   D:9 *

Annotations:
D:10 2 runed translucent doors, exclusion: orange crystal statue
D:11 2 transporters, pkoi's ghost, journeyman DrCj
D:12 Jorgrun


Innate Abilities, Weirdness & Mutations

You have large cloven feet.
You are mostly covered in thin metallic scales. (AC +3)
You are mostly covered in sharp spines.
A meltable shield of frost defends you. (SH +4)


Message History

Jorgrun is moderately wounded.
Jorgrun hits you with a +0 vorpal quarterstaff.
The manticore flicks its tail.
The volley of spikes hits you!
The barbed spikes become lodged in your body.
You hit Jorgrun.
Jorgrun is moderately wounded.
You hit Jorgrun.
Jorgrun is moderately wounded.
Jorgrun says, "Yer just na down-ta-earth enough."
Jorgrun closely misses you.
You puncture Jorgrun!
Jorgrun is moderately wounded.
Jorgrun gestures at you while chanting. The iron shot hits you!!
You feel better. The manticore is struck by your spines.
The manticore bites you but does no damage.
You block the manticore's attack. The manticore closely misses you.
Jorgrun barely misses you.
The barbs in your skin will harm you if you move.
Continue?
Okay, then.
You miss Jorgrun. You punch Jorgrun.
Jorgrun is moderately wounded.
The manticore bites you but does no damage.
The manticore claws you.
The manticore claws you but does no damage.
You puncture Jorgrun!
Jorgrun is heavily wounded.
Jorgrun is struck by your spines.
Jorgrun hits you with a +0 vorpal quarterstaff.
The manticore is struck by your spines. The manticore misses you.
The manticore closely misses you. The manticore claws you!
You hit Jorgrun.
Jorgrun is heavily wounded.
You puncture Jorgrun!
Jorgrun is severely wounded.
Jorgrun gestures at you while chanting. The iron shot hits you!!!
Ouch! That really hurt!
You die...

#.............
#.............
#..........(..
#....:....(.
##..........
..........#####+#
........H.#.>...#
......g@..#.....#
......#'#.#.....#
..... #.###.....#
.... #...(.....#
... #.........#
.. ##........# #
#........#
#........#
#........#


You could see Jorgrun and a manticore.

Vanquished Creatures
  Fannar (D:10)
  5 two-headed ogres
  A cyclops (D:11)
  A gargoyle (D:12)
  A hornet (D:11)
  2 trolls
  2 shadows
  A vampire (D:9)
  18 yaks
  2 wraiths
  Grum (D:8)
  3 wargs (D:11)
  3 acid dragons
  Duvessa (D:4)
  3 water moccasins
  3 ice beasts (D:6)
  A sky beast (D:6)
  2 orc warriors
  2 black bears
  A hornet zombie (D:8)
  4 wolves (D:8)
  5 centaurs
  A phantom (D:4)
  Blork the orc (D:4)
  4 bullfrogs
  5 scorpions
  2 gnoll sergeants
  A wyvern zombie (D:7)
  Dowan (D:4)
  11 killer bees
  9 electric eels (D:8)
  3 wights (D:9)
  2 howler monkeys (D:10)
  A lava snake (D:9)
  A gnoll shaman (D:5)
  A jelly (D:4)
  4 orc priests
  6 centaur zombies
  2 hounds
  Crazy Yiuf (D:3)
  2 bullfrog skeletons (D:5)
  2 iguanas (D:6)
  Natasha (twice) (D:3)
  12 orc wizards
  A hound skeleton (D:5)
  8 mummies (Ossuary)
  Robin (D:3)
  2 howler monkey zombies (D:9)
  9 adders
  6 gnolls
  An ufetubus (D:6)
  4 worms
  A dart slug (D:4)
  32 orcs
  6 bats
  4 endoplasms
  A gnoll zombie (Ossuary)
  14 goblins
  12 hobgoblins
  3 jackals (D:1)
  7 kobolds
  5 quokkas
  3 ball pythons
  4 frilled lizards
  2 hobgoblin zombies (Ossuary)
  2 kobold zombies (Ossuary)
  3 orc zombies (Ossuary)
  2 rats
270 creatures vanquished.

Vanquished Creatures (others)
  3 orcs (D:8)
  67 plants
70 creatures vanquished.

Grand Total: 340 creatures vanquished

Notes
Turn   | Place    | Note
-------+----------+-------------------------------------------
     0 | D:1      | tizbic2 the Demonspawn Hunter began the quest for the Orb.
     0 | D:1      | Reached XP level 1. HP: 16/16 MP: 1/1
   387 | D:1      | Gained mutation: You are partially covered in thin metallic
                  | scales. (AC +2) [demonic ancestry]
   387 | D:1      | Reached XP level 2. HP: 22/22 MP: 2/2
   935 | D:1      | Reached skill level 4 in Slings
  1376 | D:2      | Gained mutation: You are partially covered in sharp spines.
                  | [demonic ancestry]
  1376 | D:2      | Reached XP level 3. HP: 23/28 MP: 3/3
  1705 | D:2      | Reached XP level 4. HP: 34/34 MP: 4/4
  1876 | D:2      | Found a faded altar of an unknown god.
  2335 | D:3      | Found a runed translucent door.
  2336 | D:3      | Noticed Crazy Yiuf
  2358 | D:3      | Killed Crazy Yiuf
  2359 | D:3      | Reached skill level 1 in Unarmed Combat
  2553 | D:3      | Noticed Robin
  2561 | D:3      | Killed Robin
  2562 | D:3      | Gained mutation: You are mostly covered in thin metallic
                  | scales. (AC +3) [demonic ancestry]
  2562 | D:3      | Reached XP level 5. HP: 40/40 MP: 5/5
  2824 | D:3      | Noticed Natasha
  2830 | D:3      | Killed Natasha
  3248 | D:3      | Noticed Natasha
  3255 | D:3      | Killed Natasha
  3498 | D:4      | Noticed Duvessa
  3498 | D:4      | Noticed Dowan
  3519 | D:4      | Killed Duvessa
  3520 | D:4      | Reached skill level 5 in Slings
  3520 | D:4      | Gained mutation: A meltable shield of frost defends you.
                  | (SH +4) [demonic ancestry]
  3520 | D:4      | Reached XP level 6. HP: 24/47 MP: 6/6
  3681 | D:4      | Killed Dowan
  3902 | D:4      | Noticed Blork the orc
  3915 | D:4      | Killed Blork the orc
  4194 | D:4      | Gained mutation: You are mostly covered in sharp spines.
                  | [demonic ancestry]
  4194 | D:4      | Reached XP level 7. HP: 52/52 MP: 7/7
  4281 | D:4      | Found a staircase to the Ecumenical Temple.
  4287 | Temple   | Entered the Ecumenical Temple
  4453 | Temple   | Became a worshipper of the Wu Jian Council
  4704 | D:4      | Identified the +0 robe of Mimuhoy {+Inv Int+2 Dex+2}
  4977 | D:5      | Entered Level 5 of the Dungeon
  5010 | D:5      | Reached skill level 6 in Slings
  5010 | D:5      | Reached skill level 5 in Dodging
  5447 | D:5      | Reached XP level 8. HP: 60/60 MP: 8/8
  5789 | D:5      | Found a sacrificial altar of Ru.
  6337 | D:6      | Found a sand-covered staircase.
  6341 | Ossuary  | Entered an ossuary
  6731 | D:6      | Reached * piety under Wu Jian
  6779 | D:6      | Reached skill level 7 in Slings
  6980 | D:6      | Found Rottar's Antique Weapon Emporium.
  6994 | D:6      | Bought an ichor-stained dagger for 182 gold pieces
  6994 | D:6      | Identified the +6 dagger of Revolt {vorpal, rC+++ Str-4
                  | Int+3 Stlth+} (You bought it in a shop on level 6 of the
                  | Dungeon)
  6995 | D:6      | Bought a runed falchion for 156 gold pieces
  7012 | D:6      | Reached skill level 5 in Fighting
  7013 | D:6      | Reached XP level 9. HP: 68/68 MP: 9/9
  7292 | D:6      | Reached skill level 1 in Short Blades
  7292 | D:6      | Reached skill level 1 in Long Blades
  8834 | D:8      | Noticed a troll
  8840 | D:8      | Reached ** piety under Wu Jian
  8867 | D:8      | Reached skill level 5 in Unarmed Combat
  8871 | D:8      | Killed a troll
  9724 | D:8      | Reached skill level 8 in Slings
  9933 | D:8      | Noticed Grum
  9962 | D:8      | Reached XP level 10. HP: 47/76 MP: 10/10
  9970 | D:8      | Killed Grum
 11422 | D:9      | Reached *** piety under Wu Jian
 11622 | D:9      | Noticed a two-headed ogre
 11642 | D:9      | Killed a two-headed ogre
 11909 | D:9      | Found Roekkiog's Mass Market.
 12061 | D:9      | Reached skill level 5 in Short Blades
 12312 | D:9      | Reached skill level 9 in Slings
 12525 | D:10     | Entered Level 10 of the Dungeon
 12525 | D:10     | Found a staircase to the Lair.
 12588 | D:10     | Found a runed translucent door.
 12609 | D:10     | Found a runed translucent door.
 12613 | D:10     | Noticed an orange crystal statue
 12632 | D:10     | Found a runed translucent door.
 12649 | D:10     | Found a runed translucent door.
 12690 | D:10     | Gained mutation: You have large cloven feet. [demonic
                  | ancestry]
 12690 | D:10     | Reached XP level 11. HP: 63/83 MP: 11/11
 13137 | D:10     | Reached **** piety under Wu Jian
 13267 | D:10     | Noticed Fannar
 13311 | D:10     | Killed Fannar
 13573 | D:10     | Identified the +7 mace of Suelo {vorpal, *Corrode rPois rF-
                  | Int+8}
 14173 | D:11     | Noticed a two-headed ogre
 14189 | D:11     | Killed a two-headed ogre
 14249 | D:11     | Noticed a two-headed ogre
 14304 | D:10     | Killed a two-headed ogre
 14389 | D:11     | Found a transporter.
 14393 | D:11     | Found a transporter.
 14394 | D:11     | Noticed pkoi's ghost (journeyman DrCj)
 14459 | D:11     | Noticed a two-headed ogre
 14468 | D:11     | Killed a two-headed ogre
 14594 | D:11     | Found a staircase to the Orcish Mines.
 14950 | D:11     | Noticed a two-headed ogre
 14960 | D:11     | Killed a two-headed ogre
 14961 | D:11     | Reached skill level 10 in Slings
 15196 | D:12     | Noticed Jorgrun
 15209 | D:12     | Killed from afar by Jorgrun

Illustrated notes

Levels and vault maps discovered:
D:1:      nicolae_arrival_somewhat_less_tricky_arrival, layout_basic
D:2:      layout_basic, basic_ecumenical_altar, minmay_pentomino_v2
D:3:      layout_basic, nicolae_underground_beach, uniq_robin,
          uniq_crazy_yiuf_cottage, uniq_natasha
D:4:      layout_loops_ring, minmay_temple_entry_hall, uniq_duvessa,
          uniq_blork_the_orc
D:5:      layout_layer_cave, mainiacjoe_overflow_small_starburst, minivault_19
D:6:      layout_basic, serial_shops, nicolae_shop_overgrown_old_shop,
          enter_ossuary_5
D:7:      layout_basic
D:8:      layout_loops_ring, serial_bayou, serial_bayou_crossing,
          serial_bayou_lake_a, serial_bayou_pond_b, serial_bayou_pond_a,
          serial_bayou_pond_d, uniq_grum
D:9:      layout_irregular_city, eino_curves_02, kennysheep_doodads,
          hangedman_decor_diamond_cutter, minmay_shop_mass
D:10:     layout_gridville, lair_entry_dummy, minmay_statue_crystal_thing,
          uniq_fannar
D:11:     layout_long_grid, minmay_orc_entry_guard_dogs, gammafunk_ghost_hive,
          kennysheep_boxes
D:12:     layout_irregular_city, uniq_nessos, uniq_jorgrun, uniq_josephine
Temple:   regret_index_temple_sigil_plot

Skill      XL: |  1  2  3  4  5  6  7  8  9 10 11 |
---------------+----------------------------------+-----
Dodging        | 2 3 4 5 6 7 8 |  8.0
Slings         | 4 5 6 7 8 9 10 | 10.0
Unarmed Combat | 1 2 4 5 6 8 |  8.1
Fighting       | 3 4 5 6 7 |  7.3
Short Blades   | 3 5 6 |  6.8
Long Blades    | 2 3 4 |  4.7
Stealth        | |  0.8

Action                   |  1- 3 |  4- 6 |  7- 9 | 10-12 || total
-------------------------+-------+-------+-------+-------++-------
Melee: Whip              |    40 |    18 |       |       ||    58
       Quarterstaff      |       |    54 |    41 |       ||    95
       Dagger            |       |       |   132 |   151 ||   283
       Falchion          |       |       |    50 |   247 ||   297
       Punch             |       |       |     5 |    14 ||    19
 Fire: Hunting sling     |    52 |    26 |   110 |    30 ||   218
Throw: Stone             |     1 |       |       |       ||     1
       Javelin           |       |     4 |     9 |     1 ||    14
       Dart              |       |     9 |    31 |    26 ||    66
       Boomerang         |       |       |    12 |     4 ||    16
Invok: Lunge             |       |       |    25 |    11 ||    36
       Whirlwind         |       |       |    19 |    88 ||   107
 Abil: Wall Jump         |       |       |     4 |    27 ||    31
  Use: Scroll            |     3 |     3 |     5 |     4 ||    15
       Potion            |       |       |     1 |     2 ||     3
 Stab: Sleeping          |       |       |       |     1 ||     1
Armor: Leather armour    |    11 |       |       |       ||    11
       Ring mail         |       |    20 |    80 |   159 ||   259
       Acid dragon scale |       |       |       |     8 ||     8
       Skin              |       |       |       |     2 ||     2
Dodge: Dodged            |    27 |    39 |   133 |   238 ||   437
Block: Other             |       |     1 |    35 |    55 ||    91
       Rpst.: Falchion   |       |       |    12 |    53 ||    65
